 Dungeon Crawl Stone Soup version 0.27.1 (webtiles) character file.

Game seed: 10385047729264988566

819 shadowrider38 the Skirmisher (level 7, -4/78 HPs)
             Began as a Troll Fighter on Aug 25, 2021.
             Slain by a killer bee (8 damage)
             ... on level 5 of the Dungeon.
             The game lasted 00:07:11 (3052 turns).

shadowrider38 the Skirmisher (Troll Fighter)        Turns: 3052, Time: 00:07:11

Health: -4/78      AC:  4    Str: 33    XL:     7   Next: 63%
Magic:  6/6        EV:  7    Int: 10    God:
Gold:   161        SH:  9    Dex:  9    Spells: 6/6 levels left

rFire    . . .     SeeInvis .     - Unarmed
rCold    . . .     Faith    .   b - +0 kite shield
rNeg     . . .     Spirit   .   a - +0 robe
rPois    .         Reflect  .   (helmet restricted)
rElec    .         Harm     .   (no cloak)
rCorr    .         Rampage  .   (gloves unavailable)
Will     .....                  (boots unavailable)
Stlth    +.........             (no amulet)
HPRegen  1.23/turn              q - +6 ring of strength
MPRegen  0.10/turn              s - +6 ring of intelligence

@: mighty, lethally poisoned (-4 -> -4)
A: large, unfitting armour, claws 3, regeneration 1, shaggy fur 1, tough skin 1
a: no special abilities


You were on level 5 of the Dungeon.
You visited 1 branch of the dungeon, and saw 5 of its levels.

You collected 161 gold pieces.

Inventory:

Hand Weapons
 o - a +0 short sword
Missiles
 h - 5 boomerangs of dispersal (quivered)
 m - 13 poisoned darts
Armour
 a - a +0 robe (worn)
 b - a +0 kite shield (worn)
Jewellery
 q - a +6 ring of strength (left claw)
 s - a +6 ring of intelligence (right claw)
Wands
 g - a wand of flame (18)
Scrolls
 e - a scroll of noise {unknown}
 f - a scroll of amnesia {unknown}
 i - a scroll of fog {unknown}
 k - 2 scrolls of identify {unknown}
 l - a scroll of blinking {unknown}
Potions
 c - a potion of might
 d - a potion of heal wounds {unknown}
 j - a potion of brilliance {unknown}
 n - a potion of magic {unknown}
 r - a potion of ambrosia {unknown}


   Skills:
 + Level 7.5 Fighting
 - Level 2.4 Dodging
 - Level 2.4 Shields
 - Level 2.7 Unarmed Combat


You had 6 spell levels left.
You didn't know any spells.
Your spell library contained the following spells:

 Spells                   Type           Power      Damage    Failure   Level
 Beastly Appendage        Tmut           0%         N/A       83%         1
 Wereblood                Tmut           0%         N/A       93%         2
 Spider Form              Tmut/Pois      0%         N/A       99%         3
 Summon Forest            Summ/Tloc      0%         N/A       100%        5
 Eringya's Noxious Bog    Tmut/Pois      0%         N/A       100%        6
 Summon Hydra             Summ           0%         N/A       100%        7


Dungeon Overview and Level Annotations

Branches:
Dungeon (5/15)
 Temple: D:4-7

Altars:

Annotations:
D:3 1 runed translucent door, cahman's ghost, amateur HOMo


Innate Abilities, Weirdness & Mutations

You are too large for most types of armour.
You have claws for hands.
Your natural rate of healing is unusually fast.
You are covered in fur. (AC +1)
You have tough skin. (AC +1)


Message History

Unknown command.
You are too injured to fight recklessly!
Unknown command.
You are too injured to fight recklessly!
Unknown command.
You are too injured to fight recklessly!
Unknown command.
You are too injured to fight recklessly!
Unknown command.
You are too injured to fight recklessly!
Unknown command.
You are too injured to fight recklessly!
You claw the killer bee!
You kill the killer bee!
You feel very sick. The killer bee barely misses you.
You scratch the killer bee but do no damage.
You feel very sick. The killer bee barely misses you.
The killer bee stings you. The killer bee barely misses you.
You barely miss the killer bee.
You feel sick. The killer bee stings you. The killer bee stings you!
* * * LOW HITPOINT WARNING * * *
You claw the killer bee!
The killer bee is heavily wounded.
You feel sick. You block the killer bee's attack. The killer bee stings you!
* * * LOW HITPOINT WARNING * * *
The killer bee stings you.
* * * LOW HITPOINT WARNING * * *
You miss the killer bee.
The killer bee is heavily wounded.
You feel sick. The killer bee barely misses you. x2
You barely miss the killer bee.
The killer bee is heavily wounded.
You feel sick. You block the killer bee's attack. x2
The killer bee closely misses you.
You closely miss the killer bee.
The killer bee is heavily wounded.
You feel sick. The killer bee barely misses you. The killer bee stings you!
You die...

#......#.##
#.....#####
#....(y.....
#.....#####.
#..####
#..###
#..†y#
##.#y# #.#@#
#.#.#
#.#.###
#.....#
###.#.#
#.#.# ..#<#
####.# #.#


You could see 2 killer bees.

Vanquished Creatures
  Grinder (D:3)
  Sigmund (D:3)
  A phantom (D:5)
  A scorpion (D:4)
  2 killer bees (D:5)
  A howler monkey (D:4)
  A hound (D:3)
  Ijyb (D:3)
  Robin (D:3)
  3 adders
  An adder skeleton (D:4)
  2 worms
  5 dart slugs
  6 orcs
  5 ball pythons
  6 endoplasms
  5 giant cockroaches
  18 goblins
  14 hobgoblins
  3 jackals (D:1)
  7 kobolds
  2 quokkas
  4 bats (D:1)
  7 frilled lizards
  4 rats
102 creatures vanquished.

Notes
Turn   | Place    | Note
-------+----------+-------------------------------------------
     0 | D:1      | shadowrider38 the Troll Fighter began the quest for the
                  | Orb.
     0 | D:1      | Reached XP level 1. HP: 22/22 MP: 0/0
   188 | D:1      | Reached XP level 2. HP: 29/29 MP: 1/1
   346 | D:1      | Reached skill level 3 in Fighting
   392 | D:1      | Reached XP level 3. HP: 37/37 MP: 2/2
   529 | D:1      | Found a faded altar of an unknown god.
  1014 | D:2      | Reached XP level 4. HP: 48/48 MP: 3/3
  1549 | D:3      | Found a runed translucent door.
  1549 | D:3      | Noticed cahman's ghost (amateur HOMo)
  1556 | D:3      | Reached skill level 4 in Fighting
  1610 | D:3      | Noticed Robin
  1663 | D:3      | Killed Robin
  1769 | D:3      | Noticed Ijyb
  1772 | D:3      | Noticed Sigmund
  1790 | D:3      | Killed Ijyb
  1791 | D:3      | Reached XP level 5. HP: 49/55 MP: 4/4
  1798 | D:3      | Noticed Grinder
  1820 | D:3      | Paralysed by Grinder for 6 turns
  1826 | D:3      | Killed Grinder
  1827 | D:3      | Reached skill level 5 in Fighting
  1827 | D:3      | Reached XP level 6. HP: 36/67 MP: 5/5
  1988 | D:3      | Killed Sigmund
  1989 | D:3      | Reached skill level 6 in Fighting
  1989 | D:3      | Reached XP level 7. HP: 76/76 MP: 6/6
  2741 | D:4      | Reached skill level 7 in Fighting
  2956 | D:5      | Entered Level 5 of the Dungeon
  3049 | D:5      | HP: 3/78 [killer bee (5)]
  3052 | D:5      | Slain by a killer bee

Illustrated notes

Levels and vault maps discovered:
D:1:      saegor_arrival_under_anarchy, layout_loops_ring,
          ebering_ecumenical_altar_ruins, palyth_stone_intersect
D:2:      layout_basic, minivault_27, minivault_11
D:3:      layout_rooms, portal_sewer_entry_e, ebering_ghost_inner_flame,
          amethyst_killhole, uniq_ijyb, uniq_sigmund, uniq_grinder, uniq_robin
D:4:      layout_loops_ring
D:5:      layout_loops_ring, minmay_temple_entry_wispy

Skill      XL: |  1  2  3  4  5  6  7 |
---------------+----------------------+-----
Fighting       | 3 4 5 6 7 |  7.5
Dodging        | |  2.4
Shields        | |  2.4
Unarmed Combat | |  2.7

Action                   |  1- 3 |  4- 6 |  7- 9 || total
-------------------------+-------+-------+-------++-------
Melee: Unarmed           |   111 |   142 |    81 ||   334
  Use: Potion            |       |       |     2 ||     2
Armor: Robe              |    33 |    41 |    10 ||    84
Dodge: Dodged            |    31 |    31 |    26 ||    88
Block: Kite shield       |    42 |    57 |    45 ||   144
